AoeStats
← dubege

Arabia

507590281Analyzed
1v1 RM · 14d ago on Sep 18, 2026· 85m 34s· 2 players
Game mode
Random Map
Map size
Tiny (2 player)
Population
200
Speed
Normal
Resources
Standard
Victory
Conquest
Starting age
Dark Age
Ending age
Imperial Age
RankedLock teamsTeams togetherTeam positionsShared explorationLock speedFull tech treeHidden civsTurbo modeCheats
Victory
Defeat
🇧🇷 Ethiopians · Brazil
1039
+17
🇹🇷 Persians · Türkiye
1068
-17
rodsra
8:32 Loom
12:08 Feudal Age
19:24 Castle Age
18:28 Double-Bit Axe
18:49 Fletching
19:03 Scale Mail Armor
19:37 Crossbowman
21:46 Bodkin Arrow
23:32 Squires
26:16 Town Watch
29:17 Forging
31:42 Wheelbarrow
31:30 Bow Saw
35:21 Hand Cart
36:50 Padded Archer Armor
37:08 Chain Mail Armor
37:33 Thumb Ring
38:36 Husbandry
47:20 Imperial Age
46:10 Scale Barding Armor
46:05 Stone Mining
46:06 Gold Mining
46:57 Leather Archer Armor
48:24 Chain Barding Armor
48:05 Bracer
47:58 Arbalester
48:49 Halberdier
50:56 Chemistry
50:16 Ballistics
51:02 Plate Mail Armor
52:15 Iron Casting
52:32 Conscription
60:47 Ring Archer Armor
61:17 Blast Furnace
62:17 Light Cavalry
81:10 Elite Skirmisher
85:39 Two-Man Saw
dubege
6:09 Loom
9:12 Feudal Age
10:46 Double-Bit Axe
14:42 Horse Collar
20:28 Castle Age
19:14 Bloodlines
20:22 Forging
20:17 Scale Barding Armor
21:09 Gold Mining
24:26 Iron Casting
25:11 Chain Barding Armor
26:16 Husbandry
27:52 Wheelbarrow
28:40 Scale Mail Armor
31:10 Fletching
31:15 Town Watch
36:11 Imperial Age
34:54 Heavy Plow
34:58 Stone Mining
36:14 Cavalier
38:02 Conscription
39:05 Plate Barding Armor
40:51 Blast Furnace
42:12 Gold Shaft Mining
42:12 Stone Shaft Mining
41:36 Bodkin Arrow
43:03 Savar
44:14 Bow Saw
44:53 Ballistics
45:34 Chemistry
44:14 Elite Skirmisher
45:05 Padded Archer Armor
45:37 Town Patrol
47:23 Crop Rotation
47:51 Hand Cart
47:33 Murder Holes
52:28 Leather Archer Armor
52:28 Chain Mail Armor
52:44 Thumb Ring
58:56 Two-Man Saw
59:02 Ring Archer Armor
Connection lost

Rejoining the realm…

Still unreachable

The connection could not be restored.

Session expired

The server has moved on; the page needs a fresh start.